 Dungeon Crawl Stone Soup version 0.20.1-1-g8b1a95d (webtiles) character file.

548 Monsterracer the Conjurer (level 7, -2/59 HPs)
             Began as an Ogre Wizard on Sept 12, 2017.
             Was an Initiate of Ashenzari.
             Slain by an ice beast (10 damage)
             ... on level 4 of the Dungeon.
             The game lasted 00:09:20 (5857 turns).

Monsterracer the Conjurer (Ogre Wizard)             Turns: 5857, Time: 00:09:21

Health: -2/59      AC:  3    Str: 12    XL:     7   Next: 28%
Magic:  1/13       EV: 10    Int: 21    God:    Ashenzari [......]
Gold:   162        SH:  0    Dex:  7    Spells: 4/15 levels left

rFire    . . .     SeeInvis .   m - +0 spear
rCold    . . .     Gourm    .   (no shield)
rNeg     . . .     Faith    .   a - +0 robe
rPois    .         Spirit   .   b - +0 hat (curse)
rElec    .         Reflect  .   (no cloak)
rCorr    .         Harm     .   (gloves unavailable)
MR       .....                  (boots unavailable)
Stlth    +.........             (no amulet)
Regen    0.2/turn               (no ring)
MPRegen  0.2/turn               (no ring)

@: very slightly contaminated
A: unfitting armour, tough skin 1
a: Curse Item, Renounce Religion


You were on level 4 of the Dungeon.
You worshipped Ashenzari.
Ashenzari was noncommittal.
You were not hungry.

You visited 1 branch of the dungeon, and saw 4 of its levels.

You collected 162 gold pieces.

Inventory:

Hand Weapons
 m - a +0 spear (weapon)
Armour
 a - a +0 robe (worn)
 b - a cursed +0 hat (worn)
Scrolls
 f - a scroll of remove curse
 g - a scroll of teleportation {unknown}
 i - a scroll of recharging {unknown}
 k - a scroll of random uselessness {unknown}
 l - a scroll of immolation {unknown}
 n - a scroll of enchant armour {unknown}
 o - a scroll of identify {unknown}
 p - a scroll of amnesia {unknown}
Potions
 c - a potion of resistance {unknown}
 e - a potion of heal wounds {unknown}
 r - a potion of agility {unknown}
Comestibles
 d - 6 bread rations
 h - 2 meat rations
 j - 3 royal jellies


   Skills:
 - Level 1.7 Dodging
 - Level 1.4 Stealth
 + Level 4.6 Spellcasting
 * Level 6.4 Conjurations
 - Level 0.8 Summonings
 - Level 0.8 Translocations


You had 4 spell levels left.
You knew the following spells:

 Your Spells              Type           Power        Failure   Level  Hunger
a - Magic Dart            Conj           ####         1%          1    None
b - Conjure Flame         Conj/Fire      ###.....     9%          3    ##.....
c - Mephitic Cloud        Conj/Pois/Air  ##......     14%         3    ##.....
d - Call Imp              Summ           #.......     12%         2    #......
e - Blink                 Tloc           N/A          12%         2    #......


Dungeon Overview and Level Annotations

Branches:
Dungeon (4/15)
 Temple: D:4-7

Altars:
Ashenzari
Dithmenos


Innate Abilities, Weirdness & Mutations

You are too large for most types of armour.
You have tough skin. (AC +1)


Message History

The ice beast is almost dead.
* * * LOW MAGIC WARNING * * *
The ice beast hits you.
* * * LOW HITPOINT WARNING * * *
The ice beast freezes you!
* * * LOW HITPOINT WARNING * * *
Huge Dmg: -20%(-12hp) hp: 16%(9hp)
Casting: Magic Dart
Confirm with . or Enter, or press ? or * to list all spells.
Aiming: Magic Dart
Press: ? - help, Shift-Dir - straight line, f/p - ice beast
Aim: an ice beast (almost dead)
The magic dart hits the ice beast.
The ice beast is almost dead.
* * * LOW MAGIC WARNING * * *
The ice beast completely misses you. The ice beast hits you.
* * * LOW HITPOINT WARNING * * *
The ice beast freezes you!
You die...

...#.....######......#...........
...#..........#......#......#####
...#..........########......#
...#..................#######
...'..................#
...#...........>......# ######
...#..................# #.....
...#...........Y......# #.....
...#............@.....# #.....
...#..................######.....
...###########...................
...# #................... ..
#................... .
#...................
#..............#####
#########......# .......'......#


You could see an ice beast.

Vanquished Creatures
  The ghost of Frank the Sneak, an amateur OpMo (D:4)
  The ghost of arta the Firebug, an amateur HuFE (D:3)
  2 hounds (D:4)
  3 worker ants (D:4)
  A worker ant zombie (D:2)
  4 adders
  An ooze (D:4)
  An adder skeleton (D:2)
  5 worms
  2 dart slugs (D:1)
  2 leopard geckos
  7 orcs
  2 bats
  2 bat skeletons (D:2)
  A bat zombie (D:2)
  3 giant cockroaches
  9 goblins
  5 hobgoblins
  6 jackals
  9 kobolds
  A quokka (D:2)
  A ball python (D:2)
  2 frilled lizards (D:3)
  A jackal skeleton (D:2)
  A leopard gecko skeleton (D:4)
  A leopard gecko zombie (D:2)
  8 rats
82 creatures vanquished.

Vanquished Creatures (others)
  A rat (D:1)
1 creature vanquished.

Grand Total: 83 creatures vanquished

Notes
Turn   | Place    | Note
-------+----------+-------------------------------------------
     0 | D:1      | Monsterracer the Ogre Wizard began the quest for the Orb.
     0 | D:1      | Reached XP level 1. HP: 16/16 MP: 5/5
    17 | D:1      | Reached skill level 1 in Conjurations
   311 | D:1      | Reached XP level 2. HP: 17/24 MP: 1/6
   440 | D:1      | Reached skill level 2 in Conjurations
   972 | D:1      | Reached XP level 3. HP: 23/31 MP: 8/8
   977 | D:1      | Learned a level 3 spell: Conjure Flame
   981 | D:1      | Learned a level 3 spell: Mephitic Cloud
   984 | D:1      | Learned a level 2 spell: Call Imp
  1120 | D:2      | HP: 15/31 [goblin (1)]
  1288 | D:2      | HP: 15/31 [bat skeleton (1)]
  1439 | D:2      | Reached skill level 3 in Conjurations
  1655 | D:2      | Found a shadowy altar of Dithmenos.
  1701 | D:2      | Reached XP level 4. HP: 28/39 MP: 1/9
  1706 | D:2      | HP: 19/39 [poisoned by an adder]
  1711 | D:2      | HP: 17/39 [poisoned by an adder]
  1719 | D:2      | HP: 15/39 [poisoned by an adder]
  1726 | D:2      | HP: 7/39 [poisoned by an adder]
  1730 | D:2      | HP: 3/39 [poisoned by an adder]
  2013 | D:2      | HP: 18/39 [worm (6)]
  2016 | D:2      | HP: 6/39 [worm (11)]
  2905 | D:3      | HP: 15/39 [orc/flail (5)]
  2975 | D:3      | Reached skill level 4 in Conjurations
  3159 | D:3      | Noticed arta's ghost (amateur HuFE)
  3160 | D:3      | HP: 18/39 [orc/hand axe (4)]
  3342 | D:3      | HP: 19/39 [arta's ghost (5)]
  3528 | D:3      | HP: 18/39 [arta's ghost (6)]
  3532 | D:3      | HP: 7/39 [arta's ghost (4)]
  3789 | D:3      | Reached XP level 5. HP: 45/45 MP: 6/10
  3824 | D:3      | Learned a level 2 spell: Blink
  4155 | D:2      | HP: 20/45 [orc/club (5)]
  4352 | D:3      | Killed arta's ghost
  4352 | D:3      | Reached skill level 5 in Conjurations
  4788 | D:4      | Reached XP level 6. HP: 40/53 MP: 1/11
  5169 | D:4      | Found a shattered altar of Ashenzari.
  5186 | D:4      | Became a worshipper of Ashenzari the Shackled
  5259 | D:4      | Noticed Frank's ghost (amateur OpMo)
  5286 | D:4      | Killed Frank's ghost
  5286 | D:4      | Reached skill level 6 in Conjurations
  5286 | D:4      | Reached XP level 7. HP: 33/59 MP: 1/13
  5848 | D:4      | HP: 21/59 [ice beast (11)]
  5849 | D:4      | HP: 9/59 [ice beast (11)]
  5857 | D:4      | HP: 8/59 [ice beast (3)]
  5857 | D:4      | Slain by an ice beast

Skill      XL: |  1  2  3  4  5  6 |
---------------+-------------------+-----
Conjurations   | 1 2 3 4 5 6 |  6.4
Spellcasting   | 4 |  4.6
Dodging        | |  1.7
Stealth        | |  1.4
Summonings     | |  0.8
Translocations | |  0.8

Action                   |  1- 3 |  4- 6 |  7- 9 || total
-------------------------+-------+-------+-------++-------
Melee: Unarmed           |    14 |       |       ||    14
       Whip              |    29 |       |       ||    29
       Short sword       |    17 |    19 |       ||    36
       Spear             |       |    84 |     8 ||    92
 Cast: Magic Dart        |    55 |   144 |    32 ||   231
       Call Imp          |       |     1 |       ||     1
Invok: Curse Item        |       |       |     1 ||     1
 Stab: Sleeping          |       |     1 |       ||     1
  Eat: Chunk             |     1 |    12 |     2 ||    15
Armor: Robe              |    47 |    39 |     2 ||    88
Dodge: Dodged            |   109 |   101 |    11 ||   221
